 Dungeon Crawl Stone Soup version 0.29.1-15-g9cfb28693d (webtiles) character file.

Game seed: 2229063472083612888

189 Gustavia the Cudgeller (level 5, -4/54 HPs)
             Began as an Ogre Gladiator on Mar 24, 2023.
             Killed from afar by an orc wizard (9 damage)
             ... with a puff of flame
             ... on level 4 of the Dungeon.
             The game lasted 00:09:39 (3160 turns).

Gustavia the Cudgeller (Ogre Gladiator)             Turns: 3160, Time: 00:09:39

Health: -4/54      AC:  3    Str: 20    XL:     5   Next: 68%
Magic:  5/5        EV: 11    Int:  9    God:
Gold:   146        SH:  0    Dex: 16    Spells: 4/4 levels left

rFire   . . .      SeeInvis .   q - +0 morningstar (protect)
rCold   + . .      Faith    .   (no shield)
rNeg    . . .      Spirit   .   b - +0 robe
rPois   .          Reflect  .   c - +0 hat
rElec   .          Harm     .   (no cloak)
rCorr   .          Rampage  .   (gloves unavailable)
Will    .....                   (boots unavailable)
Stlth   ++........              (no amulet)
HPRegen 0.18/turn               g - ring of protection from cold
MPRegen 0.09/turn               h - +6 ring of dexterity

@: no status effects
A: large, unfitting armour, tough skin 1
a: no special abilities


You were on level 4 of the Dungeon.
You visited 1 branch of the dungeon, and saw 4 of its levels.

You collected 146 gold pieces.

Inventory:

Hand Weapons
 m - the +4 flail of Exquisite Death {freeze, +Blink rCorr}
   (You found it on level 2 of the Dungeon)

   It freezes those it strikes, dealing additional cold damage.
   It can also slow down cold-blooded creatures.
   +Blink:    It lets you blink.
   rCorr:     It protects you from acid and corrosion.
 q - a +0 morningstar of protection (weapon)
Missiles
 d - 3 throwing nets (quivered)
 e - a large rock
Armour
 b - a +0 robe (worn)
 c - a +0 hat (worn)
Jewellery
 g - a ring of protection from cold (left hand)
 h - a +6 ring of dexterity (right hand)
 t - an amulet of faith
Wands
 s - a wand of charming (14)
Scrolls
 i - 2 scrolls of blinking
 j - 3 scrolls of poison
 k - a scroll of magic mapping {unknown}
 l - a scroll of immolation {unknown}
 o - 2 scrolls of teleportation
 r - a scroll of summoning {unknown}
Potions
 a - a potion of degeneration {unknown}
 f - a potion of resistance {unknown}
 n - 2 potions of attraction {unknown}
 p - a potion of flight {unknown}


   Skills:
 + Level 3.8 Fighting
 + Level 4.4 Maces & Flails
 + Level 2.0 Throwing
 + Level 3.5 Dodging
 + Level 1.1 Stealth


You had 4 spell levels left.
You didn't know any spells.
Your spell library contained the following spells:

 Spells                   Type           Power      Damage    Failure   Level
 Sting                    Tmut/Pois      0%         1d3       38%         1
 Ensorcelled Hibernation  Hex/Ice        0%         N/A       52%         2
 Passwall                 Tmut/Erth      0%         N/A       52%         2
 Poisonous Vapours        Pois/Air       0%         N/A       52%         2
 Summon Guardian Golem    Hex/Summ       0%         N/A       77%         3
 Swiftness                Air            0%         N/A       77%         3
 Olgreb's Toxic Radiance  Pois           0%         N/A       99%         4
 Malign Gateway           Summ/Tloc      0%         N/A       100%        7
 Orb of Destruction       Conj           0%         9d5       100%        7
 Spellforged Servitor     Conj/Summ      0%         N/A       100%        7
 Summon Horrible Things   Summ           0%         N/A       100%        8


Dungeon Overview and Level Annotations

Branches:
Dungeon (4/15)
 Temple: D:4-7

Altars:
Elyvilon

Shops:
D:1 =


Innate Abilities, Weirdness & Mutations

You are too large for most types of armour.
You have tough skin. (AC +1)


Message History

The gnoll closely misses you. The gnoll barely misses you.
The orc wizard casts a spell at you.
You are confused.
You closely miss the gnoll.
The gnoll is almost dead.
The orc wizard gestures wildly while chanting.
The orc wizard flickers and vanishes!
The gnoll misses you. The gnoll hits you with a +0 halberd.
The gnoll closely misses you. x2
The gnoll hits you with a +0 halberd.
You sock the gnoll!
You kill the gnoll!
The gnoll hits you but does no damage. The gnoll barely misses you.
The orc barely misses you.
The orc wizard hits you but does no damage.
You're too confused to move!
The gnoll hits you from afar with a +0 spear.
The gnoll barely misses you. The orc barely misses you.
The orc wizard misses you.
The orc wizard attacks as you move away!
The orc wizard hits you with a +0 dagger.
The gnoll closely misses you. The orc hits you but does no damage.
The orc wizard gestures at you while chanting.
The magic dart hits you but does no damage.
You see here a +0 whip.
The orc attacks as you move away! The orc hits you but does no damage.
The gnoll hits you with a +0 spear. The gnoll barely misses you.
Something hits you but does no damage. The gnoll attacks as you move away!
The gnoll hits you but does no damage.
The gnoll hits you from afar with a +0 spear!
The gnoll hits you with a +0 halberd.
* * * LOW HITPOINT WARNING * * *
You feel less confused.
The gnoll hits you from afar with a +0 spear.
* * * LOW HITPOINT WARNING * * *
The gnoll hits you with a +0 halberd!
* * * LOW HITPOINT WARNING * * *
You hear some strange, mumbled words.
A puff of flame appears from out of thin air!
The puff of flame hits you!
You die...

.......... ###......
.........# ##........
#........ ###.....#
#.....{# ###.....###
#o###.......##
##)#..........# #####
#.o.g.........# #...###
#og{.........##
##.....###..@........##
#...>........[.....###
##..........<.....###
#...............###
#.............)##
##.............#
#.............#
##.....#...####
###########


You could see an orc wizard, 2 gnolls and 2 orcs.

Vanquished Creatures
  Terence (D:3)
  Natasha (D:2)
  Ijyb (D:3)
  2 gnolls (D:4)
  3 adders
  A dart slug (D:3)
  A worm (D:2)
  2 orcs
  6 endoplasms
  2 giant cockroaches (D:1)
  8 hobgoblins
  3 jackals (D:1)
  3 quokkas
  6 ball pythons
  7 bats
  5 frilled lizards
  6 goblins
  4 kobolds
  5 rats
67 creatures vanquished.

Notes
Turn   | Place    | Note
-------+----------+-------------------------------------------
     0 | D:1      | Gustavia the Ogre Gladiator began the quest for the Orb.
     0 | D:1      | Reached XP level 1. HP: 22/22 MP: 1/1
   101 | D:1      | Found a faded altar of an unknown god.
   413 | D:1      | Found Wosa's Jewellery Boutique.
   449 | D:1      | Reached XP level 2. HP: 31/31 MP: 2/2
   494 | D:1      | Reached skill level 3 in Maces & Flails
   933 | D:1      | Reached XP level 3. HP: 34/37 MP: 3/3
  1554 | D:2      | Identified the +4 flail of Exquisite Death {freeze, +Blink
                  | rCorr}
  1570 | D:2      | Found a white marble altar of Elyvilon.
  1988 | D:2      | Noticed Natasha
  1992 | D:2      | Killed Natasha
  1993 | D:2      | Reached XP level 4. HP: 39/45 MP: 4/4
  2373 | D:3      | Reached skill level 4 in Maces & Flails
  2622 | D:3      | Noticed Terence
  2626 | D:3      | Killed Terence
  2627 | D:3      | Reached XP level 5. HP: 54/54 MP: 5/5
  2853 | D:3      | Noticed Ijyb
  2870 | D:3      | Killed Ijyb
  3151 | D:4      | Reached skill level 1 in Stealth
  3160 | D:4      | Killed from afar by an orc wizard

Illustrated notes

Levels and vault maps discovered:
D:1:      minmay_arrival_diagonal_passages, layout_loops_corners, serial_shops,
          nicolae_shop_behind_doors, basic_ecumenical_altar,
          nicolae_concentric_dashed_squares_wild
D:2:      layout_rooms, basic_altar, grunt_ministairs_5, glass_columns_a,
          dreamdust_princess_bridge, uniq_natasha
D:3:      layout_loops_cross, uniq_ijyb, uniq_terence
D:4:      layout_cave_pods, slow_altar_2, gammafunk_ghost_split

Skill      XL: |  1  2  3  4  5 |
---------------+----------------+-----
Fighting       | 3 |  3.8
Maces & Flails | 3 4 |  4.4
Dodging        | 3 |  3.5
Stealth        | 1 |  1.1
Throwing       | |  2.0

Action                   |  1- 3 |  4- 6 || total
-------------------------+-------+-------++-------
Melee: Flail             |   135 |    21 ||   156
       Punch             |     2 |     1 ||     3
       Morningstar       |       |    44 ||    44
  Use: Scroll            |     3 |     3 ||     6
 Stab: Sleeping          |       |     6 ||     6
Armor: Robe              |    52 |    26 ||    78
Dodge: Dodged            |   104 |    57 ||   161
